 Dungeon Crawl Stone Soup version 0.23.0 (webtiles) character file.

Game seed: 15182480112251234435

7 Gorice the Skirmisher (level 2, -1/27 HPs)
             Began as a Hill Orc Wanderer on Feb 9, 2019.
             Slain by a gnoll
             ... wielding a +0 spear
              (6 damage)
             ... on level 1 of the Dungeon.
             The game lasted 00:00:38 (51 turns).

Gorice the Skirmisher (Hill Orc Wanderer)             Turns: 51, Time: 00:00:39

Health: -1/27      AC:  2    Str: 16    XL:     2   Next: 0%
Magic:  3/3        EV: 11    Int: 10    God:
Gold:   0          SH:  0    Dex: 10    Spells: 2/3 levels left

rFire    . . .     SeeInvis .   a - +2 dagger
rCold    . . .     Gourm    .   (no shield)
rNeg     . . .     Faith    .   e - +0 robe
rPois    .         Spirit   .   (no helmet)
rElec    .         Reflect  .   (no cloak)
rCorr    .         Harm     .   (no gloves)
MR       .....                  (no boots)
Stlth    +.........             (no amulet)
HPRegen  0.09/turn              (no ring)
MPRegen  0.08/turn              (no ring)

@: no status effects
A: no striking features
a: no special abilities


You were on level 1 of the Dungeon.
You were not hungry.

You visited 1 branch of the dungeon, and saw 1 of its levels.

Inventory:

Hand Weapons
 a - a +2 dagger (weapon)
 d - a +0 short sword
Armour
 e - a +0 robe (worn)
Scrolls
 b - a scroll of fear {!r}
Comestibles
 f - a ration


   Skills:
 + Level 4.2 Fighting
 - Level 1.0 Short Blades
 - Level 1.0 Dodging
 - Level 1.0 Stealth
 - Level 1.0 Spellcasting
   Level 2.0 Necromancy
   Level 1.0 Evocations


You had 2 spell levels left.
You knew the following spells:

 Your Spells              Type           Power        Failure   Level  Hunger
a - Sandblast             Erth           #.....       34%         1    ##.....

Your spell library contained the following spells:

 Spells                   Type           Power        Failure   Level  Hunger
 Stone Arrow              Conj/Erth      #.....       71%         3    ####...


Dungeon Overview and Level Annotations

Branches:
Dungeon (1/15)

Altars:


Message History

You hit the bat.
You kill the bat!
You barely miss the kobold.
The kobold hits you with a cursed -1 dagger.
Damage: 3 (max 3)
You barely miss the kobold. The kobold hits you but does no damage.
You barely miss the kobold. The kobold closely misses you.
You hit the kobold.
The kobold is severely wounded.
The kobold hits you with a cursed -1 dagger.
Damage: 2 (max 3)
You closely miss the kobold.
The kobold is severely wounded.
The kobold barely misses you.
You barely miss the kobold.
The kobold is severely wounded.
The kobold barely misses you.
You closely miss the kobold.
The kobold is severely wounded.
The kobold closely misses you.
You hit the kobold.
You kill the kobold!
Your Fighting skill increases to level 4!
You hit the goblin.
The goblin is moderately wounded.
The goblin barely misses you.
You closely miss the goblin.
The goblin is moderately wounded.
The goblin hits you but does no damage.
You hit the goblin.
You kill the goblin!
You hit the rat.
You kill the rat!
You have reached level 2!
There is a staircase leading out of the dungeon here.
You start resting.
The gnoll is too close now for your liking.
The gnoll hits you with a +0 spear!
* * * LOW HITPOINT WARNING * * *
Damage: 8 (max 8)
You are too injured to fight recklessly!
You are too injured to fight recklessly!
You are too injured to fight recklessly!
You are too injured to fight recklessly!
You are too injured to fight recklessly!
You are too injured to fight recklessly!
You hit the gnoll.
The gnoll is lightly wounded.
The gnoll hits you with a +0 spear.
You die...

.r....#.####
..... #.#
..... #.#
.... #.#
.... #)#
#.####
#.#..+
#.#<.#
#g@..#
###..# ####


You could see a gnoll.

Vanquished Creatures
  2 bats (D:1)
  A goblin (D:1)
  2 kobolds (D:1)
  A rat (D:1)
6 creatures vanquished.

Notes
Turn   | Place    | Note
-------+----------+-------------------------------------------
     0 | D:1      | Gorice the Hill Orc Wanderer began the quest for the Orb.
     0 | D:1      | Gorice set off with the following items: a +2 dagger, a
                  | scroll of fear {!r}, a +0 short sword, a +0 robe, a ration;
                  | and the following spell memorised: Sandblast; and the
                  | following spells available to memorise: Stone Arrow
     0 | D:1      | Reached XP level 1. HP: 19/19 MP: 2/2
    40 | D:1      | Reached skill level 4 in Fighting
    44 | D:1      | Reached XP level 2. HP: 12/27 MP: 3/3
    50 | D:1      | HP: 5/27 [gnoll/+0 spear (8)]
    51 | D:1      | Slain by a gnoll

Skill      XL: |  1 |
---------------+----+-----
Fighting       | 4 |  4.2
Short Blades   | |  1.0
Dodging        | |  1.0
Stealth        | |  1.0
Spellcasting   | |  1.0
Necromancy     | |  2.0
Evocations     | |  1.0

Action                   || total
-------------------------++-------
Melee: Dagger            ||    24
Armor: Robe              ||     5
Dodge: Dodged            ||    33

Table legend:
 A = Turns spent in this place as a percentage of turns spent in the entire game.
 B = Non-inter-level travel turns spent in this place as a percentage of non-inter-level travel turns spent in the entire game.
 C = Inter-level travel turns spent in this place as a percentage of turns spent in this place.
 D = Turns resting spent in this place as a percentage of non-inter-level travel turns spent in this place.
 E = Turns spent auto-exploring this place as a percentage of non-inter-level travel turns spent in this place.
 F = Non-inter-level travel turns spent in this place divided by the number of levels of this place that you've seen.
                   A       B       C       D       E      F
               +-------+-------+-------+-------+-------+----------------------
         Total | 100.0 | 100.0 |   0.0 |   3.9 |  11.8 |  51.0
       Dungeon | 100.0 | 100.0 |   0.0 |   3.9 |  11.8 |  51.0
               +-------+-------+-------+-------+-------+----------------------

Levels and vault maps discovered:
D:1:      dpeg_arrival_ratfight, layout_basic, serial_bayou_pond_e,
          minmay_pentomino_q2
